 Dungeon Crawl Stone Soup version 0.17-a0-1685-g57e755e (webtiles) character file.

3077 Medar the Transmogrifier (level 9, 0/69 HPs)
             Began as a Demigod Transmuter on Aug 19, 2015.
             Slain by emiel's ghost (9 damage)
             ... on level 8 of the Dungeon.
             The game lasted 00:34:39 (11911 turns).

Medar the Transmogrifier (Demigod Transmuter)      Turns: 11911, Time: 00:34:39

Health: 0/69       AC:  5    Str: 13    XL:     9   Next: 32%
Magic:  14/18      EV:  8    Int: 25    God:
Gold:   554        SH:  0    Dex: 16    Spells: 5 memorised, 1 level left

rFire  . . .     SeeInvis .       - Unarmed
rCold  . . .     Clarity  .     q - +1 leather armour {rPois}
rNeg   + . .     SustAt   +     (shield currently unavailable)
rPois  +         Gourm    .     P - +0 helmet
rElec  .         Spirit   .     (no cloak)
rCorr  .         Warding  .     (gloves currently unavailable)
rMut   .         Stasis   .     (no boots)
MR     .....                    (no amulet)
Stlth  +.........               G - +2 ring of intelligence
                                E - ring of positive energy

@: blade hands, not resistant to hostile enchantments, very unstealthy
A: high mp 1, sustain attributes
a: End Transformation


You were on level 8 of the Dungeon.
You were near starving.
You had blades for hands.
You visited 1 branch of the dungeon, and saw 8 of its levels.
You also visited: Sewer.

You collected 554 gold pieces.

Inventory:

Hand weapons
 b - a +1 blowgun
Missiles
 i - 92 arrows
 m - 17 tomahawks (quivered)
 o - 10 arrows of flame
 u - 32 poisoned needles
 L - 5 javelins
 M - 5 curare-tipped needles
Armour
 e - a +2 leather armour of magic resistance
 n - a troll hide {Purgy}
 q - a +1 leather armour of poison resistance (worn)
 x - a +1 pair of gloves (melded)
 P - a +0 helmet (worn)
 S - a +0 leather armour of cold resistance
Jewellery
 w - an uncursed ring of poison resistance {unknown}
 E - a ring of positive energy (left scythe-like blade)
 G - a +2 ring of intelligence (right scythe-like blade)
 I - an uncursed ring of flight
Magical devices
 f - a wand of digging (19)
 h - a wand of hasting (3)
 p - a wand of slowing (11)
 B - a wand of polymorph (5)
 H - a wand of paralysis (15)
 R - a wand of teleportation (4)
Scrolls
 a - 2 scrolls of enchant armour
 g - 2 scrolls of amnesia
 s - 4 scrolls of remove curse {@r1}
 y - 3 scrolls of teleportation
 z - a scroll of recharging
 A - a scroll of magic mapping {unknown}
 D - 2 scrolls of blinking
 F - a scroll of fear {unknown}
 K - a scroll of random uselessness {unknown}
 Q - a scroll of holy word {unknown}
 T - a scroll of vulnerability {unknown}
 W - a scroll of summoning {unknown}
Potions
 j - a potion of invisibility {unknown}
 l - a potion of haste
 r - a potion of might
 t - a potion of curing {@q1}
 v - 2 potions of cure mutation {unknown}
 C - a potion of magic
 N - 2 potions of brilliance
 O - a potion of flight
 U - a potion of berserk rage {unknown}
 V - a potion of lignification {unknown}
Books
 c - a book of Changes

   Spells                             Type                      Level
   a - Beastly Appendage              Transmutation                1
   b - Sticks to Snakes               Transmutation                2
   c - Spider Form                    Transmutation/Poison         3
   d - Ice Form                       Ice/Transmutation            4
   e - Blade Hands                    Transmutation                5
 J - a book of Cantrips

   Spells                             Type                      Level
   a - Corona                         Hexes                        1
   b - Animate Skeleton               Necromancy                   1
   c - Summon Small Mammal            Summoning                    1
   d - Apportation                    Translocation                1
 X - a Necronomicon

   Spells                             Type                      Level
   a - Haunt                          Necromancy/Summoning         7
   b - Borgnjor's Revivification      Necromancy                   8
   c - Death's Door                   Charms/Necromancy            8
   d - Necromutation                  Transmutation/Necromancy     8
Comestibles
 d - 4 bread rations {@e1}
 k - 3 meat rations {@e2}


   Skills:
 + Level 3.1 Fighting
 + Level 2.4 Armour
 + Level 2.8 Dodging
 + Level 6.8 Unarmed Combat
 - Level 4.2 Spellcasting
 - Level 8.2 Transmutations
 - Level 2.1 Ice Magic
 - Level 1.0 Poison Magic


You had one spell level left.
You knew the following spells:

 Your Spells              Type           Power        Failure   Level  Hunger
a - Blade Hands           Trmt           #####.....   50%         5    #####..
d - Sticks to Snakes      Trmt           #####.....   14%         2    None
f - Spider Form           Trmt/Pois      ####......   36%         3    ##.....
g - Ice Form              Ice/Trmt       ####....     54%         4    ####...
s - Beastly Appendage     Trmt           #####.       12%         1    None


Dungeon Overview and Level Annotations

Branches:
Dungeon (8/15)             Temple (0/1) D:5
   Lair: D:8-11

Shops:
D:4 %

Annotations:
D:6 unseen horro
D:8 Pikel; emiel's ghost, experienced HuBe


Innate Abilities, Weirdness & Mutations

You have an increased reservoir of magic (+10% MP).
Your attributes are resistant to harm.


Message History

Casting: Blade Hands
Confirm with . or Enter, or press ? or * to list all spells.
Your hands turn into razor-sharp scythe blades.
Your +1 pair of gloves melds into your body.
You are near starving!
You slash emiel's ghost!
Emiel's ghost is lightly damaged.
Emiel's ghost hits you! Emiel's ghost freezes you!
You hit emiel's ghost.
Emiel's ghost is lightly damaged.
You slash emiel's ghost!
Emiel's ghost is moderately damaged.
Emiel's ghost hits you. Emiel's ghost freezes you.
You hit emiel's ghost but do no damage.
Emiel's ghost is moderately damaged.
Emiel's ghost hits you! Emiel's ghost freezes you. Emiel's ghost hits you!!
* * * LOW HITPOINT WARNING * * *
Emiel's ghost freezes you!
You die...

...............# #.. #..
............#### #..
...........## #### ###
.........).# ##..#####.
..........####........#
..<....(..###...#######
................# ####
......#.........### ##...
................@.## #######....
..............#.W..####.........#
.....######.#####................
##..## ########......####..##.
##..# ##..###.....## #.#### ##.#
#...........# #.# # #.#
#..##......## ### #.###
#..######..## #...######..##
##...#


You could see emiel's ghost.

Vanquished Creatures
  A troll (D:7)
  A hungry ghost (D:7)
  A water moccasin (D:4)
  2 ogres (D:7)
  2 slaves (D:8)
  2 orc warriors
  Purgy (Sewer)
  A necrophage (D:7)
  An ice beast (D:8)
  2 centaurs
  3 giant frogs (D:6)
  6 scorpions
  4 killer bees (D:8)
  6 wights
  A quasit (D:8)
  A giant frog zombie (D:6)
  A centaur skeleton (D:8)
  2 crimson imps (D:6)
  4 orc wizards
  5 worker ants
  2 giant frog skeletons (D:4)
  A killer bee zombie (D:6)
  7 gnolls (D:4)
  10 adders
  A shadow imp (D:6)
  3 oozes
  5 worms
  An adder zombie (D:7)
  6 giant geckos
  25 orcs
  13 bats
  17 giant cockroaches
  8 goblins
  6 hobgoblins
  13 jackals
  9 kobolds
  3 ball pythons
  A giant gecko skeleton (D:6)
  10 giant newts
  3 quokkas
  9 rats
200 creatures vanquished.

Vanquished Creatures (collateral kills)
  Blork the orc (D:4)
  An adder (D:2)
  A jackal (D:2)
  A giant newt (D:2)
4 creatures vanquished.

Grand Total: 204 creatures vanquished

Notes
Turn   | Place    | Note
--------------------------------------------------------------
     0 | D:1      | Medar the Demigod Transmuter began the quest for the Orb.
     0 | D:1      | Reached XP level 1. HP: 15/15 MP: 5/5
   135 | D:1      | Reached skill level 3 in Unarmed Combat
   254 | D:1      | Reached XP level 2. HP: 14/22 MP: 5/7
   258 | D:1      | Learned a level 2 spell: Sticks to Snakes
   987 | D:2      | Found a stormy altar of Qazlal.
  1037 | D:2      | Reached XP level 3. HP: 25/27 MP: 6/8
  1038 | D:2      | Found a glowing golden altar of the Shining One.
  1236 | D:2      | Reached skill level 4 in Unarmed Combat
  2753 | D:2      | Reached XP level 4. HP: 34/34 MP: 7/9
  2833 | D:2      | Learned a level 3 spell: Spider Form
  3419 | D:3      | Reached skill level 1 in Poison Magic
  4300 | D:3      | Reached XP level 5. HP: 30/39 MP: 11/11
  5248 | D:4      | Reached skill level 1 in Fighting
  5256 | D:4      | Found Ripluc's Food Shoppe.
  5323 | D:4      | Found a glowing drain.
  5368 | Sewer    | Entered a sewer
  5426 | Sewer    | Noticed Purgy
  5445 | Sewer    | Killed Purgy
  5445 | Sewer    | Reached skill level 1 in Armour
  5445 | Sewer    | Reached skill level 5 in Unarmed Combat
  5445 | Sewer    | Reached XP level 6. HP: 39/47 MP: 8/12
  6067 | D:4      | Noticed Blork the orc
  6081 | D:4      | Killed Blork the orc
  6285 | D:4      | Reached skill level 6 in Unarmed Combat
  6689 | D:4      | Reached XP level 7. HP: 56/56 MP: 10/13
  6932 | D:4      | Found a deep blue altar of Sif Muna.
  7083 | D:4      | Learned a level 4 spell: Ice Form
  7379 | D:5      | Entered Level 5 of the Dungeon
  7406 | D:5      | Found an ancient bone altar of Kikubaaqudgha.
  7579 | D:5      | Found a staircase to the Ecumenical Temple.
  8292 | D:6      | Reached skill level 5 in Transmutations
  8381 | D:6      | Reached XP level 8. HP: 62/62 MP: 10/15
  9361 | D:7      | Reached skill level 7 in Transmutations
  9715 | D:7      | Noticed a troll
  9735 | D:7      | Killed a troll
  9804 | D:7      | Reached skill level 8 in Transmutations
  9995 | D:7      | Reached XP level 9. HP: 37/68 MP: 14/18
 10220 | D:7      | Learned a level 5 spell: Blade Hands
 10500 | D:8      | Noticed emiel's ghost (experienced HuBe)
 11291 | D:8      | Noticed Pikel
 11911 | D:8      | Slain by emiel's ghost

Vault maps used:
D:1:      dpeg_arrival_rhombi, nrook_mini_backslash
D:2:      tso_metal_star, nicolae_overflow_hidden_temple
D:3:      first_bread
D:4:      kennysheep_little_box, serial_shops, nicolae_shop_behind_doors,
          portal_sewer_entry_e, kennysheep_pointless_box, minivault_27,
          uniq_blork_the_orc
D:5:      kiku_gazebo_pond_becter, temple_statues
D:6:      kennysheep_big_flooded_room, nicolae_evil_shop
D:8:      uniq_pikel
Sewer:    sewer_big_baddie

Action                   |  1- 3 |  4- 6 |  7- 9 || total
-------------------------+-------+-------+-------++-------
Melee: Unarmed           |   153 |   256 |   380 ||   789
 Fire: Blowgun           |       |     1 |     9 ||    10
Throw: Tomahawk          |       |     2 |       ||     2
 Cast: Beastly Appendage |    36 |    33 |    11 ||    80
       Sticks to Snakes  |    10 |     4 |     1 ||    15
       Spider Form       |       |    11 |    19 ||    30
       Ice Form          |       |       |     5 ||     5
       Blade Hands       |       |       |     5 ||     5
Evoke: Wand              |     1 |     1 |     1 ||     3
  Use: Scroll            |     2 |     9 |     5 ||    16
       Potion            |     1 |       |     4 ||     5
 Stab: Distracted        |       |     1 |       ||     1
       Sleeping          |       |     2 |     7 ||     9
  Eat: Chunk             |     6 |    14 |    21 ||    41
       Pizza             |     1 |       |       ||     1
       Beef jerky        |       |       |     2 ||     2
